 Dungeon Crawl Stone Soup version 0.21.1-1-g345015f (webtiles) character file.

115 Fang the Skirmisher (level 5, -1/33 HPs)
             Began as a Gargoyle Berserker on June 4, 2018.
             Was a Priest of Trog.
             Slain by CougarLife's ghost (14 damage)
             ... on level 3 of the Dungeon.
             The game lasted 00:02:34 (2150 turns).

Fang the Skirmisher (Gargoyle Berserker)            Turns: 2150, Time: 00:02:35

Health: -1/33      AC:  6    Str: 22    XL:     5   Next: 0%
Magic:  5/5        EV: 12    Int:  7    God:    Trog [***...]
Gold:   79         SH:  0    Dex:  9    Spells: 4/4 levels left

rFire    + . .     SeeInvis .   a - +0 hand axe
rCold    . . .     Gourm    .   (no shield)
rNeg     + . .     Faith    .   b - +0 animal skin
rPois    ∞         Spirit   .   (no helmet)
rElec    +         Reflect  .   (no cloak)
rCorr    .         Harm     .   (no gloves)
MR       .....                  (no boots)
Stlth    ..........             (no amulet)
HPRegen  0.11/turn              i - ring of protection from fire
MPRegen  0.09/turn              l - ring of loudness (curse)

@: berserk cooldown, slowed, very slow
A: negative energy resistance 1, electricity resistance, unbreathing,
petrification resistance, rot immunity, AC +4
a: Berserk, Trog's Hand, Burn Spellbooks, Renounce Religion


You were on level 3 of the Dungeon.
You worshipped Trog.
Trog was most pleased with you.
You were very hungry.

You visited 1 branch of the dungeon, and saw 3 of its levels.

You collected 79 gold pieces.

Inventory:

Hand Weapons
 a - a +0 hand axe (weapon)
Armour
 b - a +0 animal skin (worn)
Jewellery
 i - a ring of protection from fire (left hand)
 l - a cursed ring of loudness (right hand)
Scrolls
 d - 2 scrolls of remove curse {unknown}
 e - a scroll of fog {unknown}
 f - a scroll of enchant weapon {unknown}
 h - 3 scrolls of identify {unknown}
 k - a scroll of magic mapping {unknown}
Potions
 g - a potion of curing {unknown}
 j - a potion of flight {unknown}
 m - a potion of heal wounds {unknown}
Comestibles
 c - 7 rations
 n - 2 chunks of flesh


   Skills:
 + Level 4.1 Fighting
 + Level 3.9 Axes
 + Level 2.2 Armour
 + Level 2.4 Dodging
 + Level 0.4 Stealth


You had 4 spell levels left.
You didn't know any spells.

Dungeon Overview and Level Annotations

Branches:
Dungeon (3/15)

Altars:

Annotations:
D:3 CougarLife's ghost, amateur OpFi


Innate Abilities, Weirdness & Mutations

You are resistant to torment.
Your stone body is resilient. (AC +4)
You are immune to poison.
You resist negative energy. (rN+)
You are resistant to electric shocks. (rElec)
You can survive without breathing.
You are immune to petrification.
You are immune to rotting.


Message History

CougarLife's ghost closely misses you.
Unknown command.
You barely miss CougarLife's ghost.
CougarLife's ghost is almost destroyed.
CougarLife's ghost closely misses you. CougarLife's ghost barely misses you.
Unknown command.
You barely miss CougarLife's ghost.
CougarLife's ghost is almost destroyed.
CougarLife's ghost hits you but does no damage.
CougarLife's ghost hits you.
Unknown command.
You barely miss CougarLife's ghost.
CougarLife's ghost is almost destroyed.
CougarLife's ghost misses you.
CougarLife's ghost hits you but does no damage.
Unknown command.
You barely miss CougarLife's ghost.
CougarLife's ghost is almost destroyed.
CougarLife's ghost hits you!
You die...

#.# .#..# #.#
..... ..##.#
#?#.# #.##.#
.... #.##.#
#.(###.##.#
...##.##.#
#W##.##.#
###.#@.#.##.##
#....?.......#
....#.##...##..#
.. #. ##..##..#
# #..##..#
#..##..#
#..##..#
#.>....# ####
#.#


You could see CougarLife's ghost.

Vanquished Creatures
  5 adders
  2 dart slugs
  An orc (D:3)
  A ball python (D:1)
  4 giant cockroaches
  10 goblins
  4 hobgoblins
  9 jackals
  A quokka (D:2)
  5 bats
  6 frilled lizards
  7 kobolds
  8 rats
63 creatures vanquished.

Notes
Turn   | Place    | Note
-------+----------+-------------------------------------------
     0 | D:1      | Fang the Gargoyle Berserker began the quest for the Orb.
     0 | D:1      | Reached XP level 1. HP: 14/14 MP: 1/1
     0 | D:1      | Noticed a large abomination
     0 | D:1      | Noticed an ice dragon
     0 | D:1      | Noticed a purple draconian
     5 | D:1      | Noticed a yellow draconian
     6 | D:1      | Noticed an ice dragon
     7 | D:1      | Noticed a shadow dragon
     8 | D:1      | Noticed a tentacled monstrosity
    10 | D:1      | Noticed an iron dragon
    14 | D:1      | Noticed a tentacled monstrosity
    14 | D:1      | Noticed an orb of fire
    14 | D:1      | Noticed an orb of fire
    16 | D:1      | Noticed an ice dragon
    16 | D:1      | Noticed a large abomination
    16 | D:1      | Noticed an ice dragon
    18 | D:1      | Noticed a shadow dragon
    18 | D:1      | Noticed a shadow dragon
    21 | D:1      | Noticed an iron dragon
   186 | D:1      | Reached XP level 2. HP: 19/19 MP: 2/2
   316 | D:1      | Reached XP level 3. HP: 18/24 MP: 3/3
   319 | D:1      | Reached ** piety under Trog
  1159 | D:2      | Reached XP level 4. HP: 28/29 MP: 4/4
  1385 | D:2      | Reached skill level 4 in Fighting
  2128 | D:3      | Noticed CougarLife's ghost (amateur OpFi)
  2132 | D:3      | Reached *** piety under Trog
  2132 | D:3      | Reached XP level 5. HP: 24/33 MP: 5/5
  2150 | D:3      | Slain by CougarLife's ghost

Skill      XL: |  1  2  3  4 |
---------------+-------------+-----
Dodging        | 2 |  2.4
Axes           | 3 |  3.9
Fighting       | 4 |  4.1
Armour         | |  2.2
Stealth        | |  0.4

Action                   |  1- 3 |  4- 6 || total
-------------------------+-------+-------++-------
Melee: Hand axe          |   128 |   108 ||   236
Invok: Berserk           |       |     1 ||     1
  Eat: Chunk             |       |     4 ||     4
Armor: Animal skin       |    64 |    34 ||    98
Dodge: Dodged            |   103 |    71 ||   174
